 Dungeon Crawl Stone Soup version 0.29.1-1-gd02db6906a (webtiles) character file.

Game seed: 1786338151126582934

7933 Brecoman the Thaumaturge (level 11, -8/89 HPs)
             Began as a Mummy Necromancer on Oct 4, 2022.
             Was a Follower of Kikubaaqudgha.
             Mangled by a freezing wraith (9 damage)
             ... on level 10 of the Dungeon.
             The game lasted 00:58:24 (12121 turns).

Brecoman the Thaumaturge (Mummy Necromancer)       Turns: 12121, Time: 00:58:26

Health: -8/89      AC:  7    Str: 17    XL:     11   Next: 3%
Magic:  20/26      EV: 11    Int: 17    God:    Kikubaaqudgha [*.....]
Gold:   641        SH:  0    Dex: 13    Spells: 16/33 levels left

rFire   . . .      SeeInvis +   o - +1 dagger (elec)
rCold   + . .      Faith    .   k - orb {light}
rNeg    + + +      Spirit   .   G - +1 leather armour of the End {Str+4}
rPois   ∞          Reflect  .   H - +1 helmet
rElec   .          Harm     .   (no cloak)
rCorr   .          Rampage  .   p - +0 pair of gloves
Will    +....                   (no boots)
Stlth   +.........              B - amulet of regeneration
HPRegen 1.04/turn               n - ring of see invisible
MPRegen 0.20/turn               x - ring of protection from fire

@: animating dead, slowed, glowing, very slow
A: cold resistance 1, negative energy resistance 3, torment resistance 2, heat
vulnerability 1, in touch with death 1, no potions
a: Renounce Religion, Unearth Wretches


You were on level 10 of the Dungeon.
You worshipped Kikubaaqudgha.
Kikubaaqudgha was aware of your devotion.
You visited 2 branches of the dungeon, and saw 11 of its levels.
You also visited: Sewer.

You collected 641 gold pieces.

Inventory:

Hand Weapons
 h - a +2 dagger of freezing
 o - a +1 dagger of electrocution (weapon)
 D - the +2 dagger of Maxej {vorpal, rPois rC++ Dex-2}
   (You found it on level 6 of the Dungeon)

   It inflicts extra damage upon your enemies.
   Dex:       It affects your dexterity (-2).
   rC:        It greatly protects you from cold.
   rPois:     It protects you from poison.
 J - a +4 flail of freezing
Missiles
 f - 98 stones
 s - 21 poisoned darts
Armour
 a - a +0 robe
 b - a +0 leather armour
 g - a +0 buckler
 j - a +0 helmet
 k - an orb of light (worn)
 p - a +0 pair of gloves (worn)
 G - the +1 leather armour of the End (worn) {Str+4}
   (You found it on level 7 of the Dungeon)

   Str:       It affects your strength (+4).
 H - a +1 helmet (worn)
Magical Staves
 e - a staff of conjuration
Jewellery
 n - a ring of see invisible (left hand)
 q - an amulet of guardian spirit
 x - a ring of protection from fire (right hand)
 B - an amulet of regeneration (around neck)
 I - a +4 ring of evasion
Wands
 m - a wand of roots (6) (quivered)
 t - a wand of flame (5)
 v - a wand of mindburst (20)
 A - a wand of light (13)
 C - a wand of digging (7)
 E - a wand of polymorph (8)
Scrolls
 c - 3 scrolls of vulnerability
 d - 5 scrolls of identify
 i - 3 scrolls of torment
 l - a scroll of acquirement
 r - 3 scrolls of fog
 u - 4 scrolls of teleportation
 w - a scroll of enchant armour
 y - a scroll of amnesia
 z - 3 scrolls of magic mapping
 F - 2 scrolls of immolation


   Skills:
 + Level 9.5 Fighting
 + Level 2.0 Maces & Flails
 - Level 1.7 Dodging
 - Level 1.7 Stealth
 - Level 0.4 Shields
 + Level 11.6 Spellcasting
 - Level 3.0 Hexes
 + Level 10.3 Necromancy


You had 16 spell levels left.
You knew the following spells:

 Your Spells              Type           Power      Damage    Failure   Level
a - Necrotise             Necr           100%       1d9       1%          1
b - Vampiric Draining     Necr           61%        2d10      1%          3
c - Animate Dead          Necr           61%        N/A       1%          4
d - Agony                 Necr           61%        N/A       3%          5
e - Anguish               Hex/Necr       24%        N/A       5%          4

Your spell library contained the following spells:

 Spells                   Type           Power      Damage    Failure   Level
 Foxfire                  Conj/Fire      36%        2x1d5     9%          1
 Inner Flame              Hex/Fire       14%        N/A       14%         3
 Conjure Flame            Conj/Fire      9%         6-21      26%         3
 Flame Wave               Conj/Fire      9%         2d6       65%         4
 Summon Hydra             Summ           4%         N/A       100%        7
 Sublimation of Blood     Necr           Unusable   N/A       N/A         2
 Wereblood                Tmut           Unusable   N/A       N/A         2

Dungeon Overview and Level Annotations

Branches:
Dungeon (10/15)            Temple (1/1) D:6           Sewer (visited)
   Lair: D:8-11         Orc: D:9-12

Altars:
Ashenzari
Cheibriados
Dithmenos
Fedhas
Hepliaklqana
Kikubaaqudgha
Makhleb
Nemelex Xobeh
Okawaru
Qazlal
Ru
Sif Muna
Trog
Vehumet
Wu Jian
Xom
Yredelemnul

Annotations:
D:2 1 runed translucent door, Crazy Yiuf
Temple 4 transporters


Innate Abilities, Weirdness & Mutations

You are immune to poison.
Your flesh is cold resistant. (rC+)
You are immune to negative energy. (rN+++)
You are immune to unholy pain and torment.
You are vulnerable to heat. (rF-)
You are in touch with the powers of death.
You do not drink.


Message History

The freezing wraith hits you but does no damage.
The freezing wraith hits you!
You barely miss the freezing wraith. The freezing wraith barely misses you.
The freezing wraith hits you! The freezing wraith drains your vigour!
You feel yourself slow down.
Kikubaaqudgha calls piteous wretches from the earth!
Kikubaaqudgha will no longer protect you from necromantic miscasts or death curses.
A manticore and a boulder beetle come into view.
The freezing wraith hits you but does no damage. x2
Casting: Vampiric Draining (safe; 1% risk of failure)
Confirm with . or Enter, or press ? or * to list all spells.
You feel a surge of power!
You call upon the dead to rise.
The freezing wraith closely misses you. The freezing wraith hits you. x2
The freezing wraith freezes you! You resist. The freezing wraith hits you.
The helpless polar bear fails to defend itself.
You hit the polar bear.
You kill the polar bear!
That felt strangely unrewarding.
A nearby manticore perishes wretchedly.
A nearby raiju perishes wretchedly.
A nearby boulder beetle perishes wretchedly.
The dead are flying!
The freezing wraith hits you! The freezing wraith freezes you! You resist.
The freezing wraith hits you but does no damage.
You barely miss the freezing wraith. The freezing wraith hits you!
The freezing wraith freezes you. You resist.
* * * LOW HITPOINT WARNING * * *
The freezing wraith closely misses you. The freezing wraith barely misses you.
The freezing wraith hits you!
* * * LOW HITPOINT WARNING * * *
Your manticore zombie bites the freezing wraith!
Your manticore zombie claws the freezing wraith but does no damage.
Your manticore zombie barely misses the freezing wraith.
The freezing wraith attacks as you move away!
The freezing wraith hits you.
* * * LOW HITPOINT WARNING * * *
The freezing wraith freezes you! You resist.
* * * LOW HITPOINT WARNING * * *
The freezing wraith hits you!
You die...
Kikubaaqudgha rasps: "You have failed me!
Welcome... oblivion!"

)##. #.####
#..##.# . ##
.....####..#.## #
#.......#!.##
#..........## . #
####.######....#..
#.##.##.# #.......
#..Z#..# #...##..
#W#.## ##..## .
#@#.# #....# #..†#
#....# #####
#....# #....#
#<...# #....#
#....# ######


You could see a freezing wraith (ally target) and a friendly manticore zombie.

Vanquished Creatures
  2 two-headed ogres (D:9)
  Joseph (D:7)
  A troll (D:9)
  A polar bear (shapeshifter) (D:10)
  Grinder (D:4)
  Sigmund (D:5)
  3 wyverns
  12 yaks
  A basilisk (D:9)
  Eustachio (D:6)
  2 steam dragons
  Menkaure (D:7)
  A water moccasin (D:5)
  An ice beast (D:6)
  2 black bears
  3 orc warriors (D:7)
  An ogre (D:4)
  A centaur (D:8)
  A phantom (D:7)
  A kobold brigand (D:9)
  4 bullfrogs
  2 gnoll sergeants
  5 scorpions
  A necrophage (D:6)
  3 wights (D:9)
  6 killer bees
  2 howler monkeys (D:7)
  4 hounds
  3 orc priests
  2 iguanas
  Jessica (D:3)
  Ijyb (D:3)
  Terence (D:2)
  4 orc wizards
  Natasha (D:3)
  5 gnolls (D:7)
  6 adders
  3 river rats (Sewer)
  3 white imps
  3 worms
  3 dart slugs
  32 orcs
  9 ball pythons
  7 endoplasms
  5 giant cockroaches
  6 hobgoblins
  6 jackals
  4 kobolds
  3 quokkas
  3 bats
  6 frilled lizards
  6 goblins
  19 rats
207 creatures vanquished.

Vanquished Creatures (collateral kills)
  2 bullfrogs (Sewer)
  2 wights (D:9)
  A hound (D:6)
  An adder (Sewer)
  A river rat (Sewer)
  2 orcs
  A ball python (Sewer)
  9 rats (Sewer)
19 creatures vanquished.

Vanquished Creatures (others)
  A boulder beetle (D:10)
  A two-headed ogre (D:9)
  A manticore (D:10)
  A raiju (shapeshifter) (D:10)
  2 howler monkey zombies (D:7)
  An adder zombie (D:9)
  5 orc zombies
12 creatures vanquished.

Grand Total: 238 creatures vanquished

Notes
Turn   | Place    | Note
-------+----------+-------------------------------------------
     0 | D:1      | Brecoman the Mummy Necromancer began the quest for the Orb.
     0 | D:1      | Reached XP level 1. HP: 13/13 MP: 4/4
   602 | D:1      | Reached skill level 3 in Spellcasting
   602 | D:1      | Reached XP level 2. HP: 19/19 MP: 4/6
  1040 | D:1      | Found a faded altar of an unknown god.
  1897 | D:2      | Reached skill level 1 in Fighting
  1897 | D:2      | Gained mutation: You are in touch with the powers of death.
                  | [Mummy growth]
  1897 | D:2      | Reached XP level 3. HP: 19/26 MP: 1/7
  2142 | D:2      | Found a runed translucent door.
  2143 | D:2      | Noticed Crazy Yiuf
  2539 | D:3      | Noticed Ijyb
  2544 | D:3      | Killed Ijyb
  2850 | D:3      | Reached XP level 4. HP: 32/32 MP: 6/9
  2915 | D:3      | Learned a level 3 spell: Vampiric Draining
  3314 | D:3      | Noticed Jessica
  3315 | D:3      | Noticed Terence
  3634 | D:1      | Identified a scroll of acquirement
  3650 | D:2      | Killed Terence
  3651 | D:2      | Reached skill level 4 in Spellcasting
  3802 | D:3      | Noticed Natasha
  3812 | D:3      | Killed Natasha
  3813 | D:3      | Reached XP level 5. HP: 21/38 MP: 8/11
  3980 | D:3      | Killed Jessica
  4034 | D:3      | Found a shimmering altar of Xom.
  4294 | D:4      | Noticed Grinder
  4431 | D:4      | Noticed an ogre
  4453 | D:4      | Killed an ogre
  4454 | D:4      | Reached skill level 5 in Necromancy
  4575 | D:4      | Found a blossoming altar of Fedhas.
  4616 | D:4      | Reached XP level 6. HP: 47/47 MP: 9/13
  4667 | D:4      | Reached skill level 5 in Spellcasting
  4667 | D:4      | Paralysed by Grinder for 4 turns
  4678 | D:4      | Killed Grinder
  5342 | D:5      | Entered Level 5 of the Dungeon
  5401 | D:4      | Reached XP level 7. HP: 43/54 MP: 8/15
  5492 | D:5      | Reached skill level 6 in Spellcasting
  5587 | D:5      | Noticed Sigmund
  5912 | D:5      | Killed Sigmund
  5944 | D:5      | Reached skill level 5 in Fighting
  5944 | D:5      | Reached XP level 8. HP: 62/62 MP: 9/18
  6082 | D:5      | Found a glowing drain.
  6095 | Sewer    | Entered a sewer
  6149 | Sewer    | Reached skill level 7 in Spellcasting
  7080 | D:6      | Learned a level 4 spell: Animate Dead
  7114 | D:6      | Reached skill level 8 in Spellcasting
  7295 | D:6      | Found a staircase to the Ecumenical Temple.
  7295 | D:6      | Noticed Eustachio
  7306 | D:6      | Killed Eustachio
  7326 | Temple   | Entered the Ecumenical Temple
  7326 | Temple   | Found a transporter.
  7326 | Temple   | Found a transporter.
  7328 | Temple   | Found a transporter.
  7328 | Temple   | Found a transporter.
  7358 | Temple   | Became a worshipper of Kikubaaqudgha
  7400 | D:6      | Reached XP level 9. HP: 47/71 MP: 13/21
  7805 | D:6      | Identified the +2 dagger of Maxej {vorpal, rPois rC++
                  | Dex-2}
  7989 | D:7      | Found a shimmering blue altar of Sif Muna.
  8002 | D:7      | Noticed Menkaure
  8198 | D:7      | Killed Menkaure
  8199 | D:7      | Reached skill level 9 in Spellcasting
  8319 | D:7      | Reached * piety under Kikubaaqudgha
  8319 | D:7      | Received a gift from Kikubaaqudgha
  8326 | D:7      | Learned a level 5 spell: Agony
  8331 | D:7      | Learned a level 4 spell: Anguish
  8794 | D:7      | Reached skill level 1 in Hexes
  8866 | D:7      | Noticed Joseph
  8881 | D:7      | Killed Joseph
  9124 | D:7      | Identified the +1 leather armour of the End {Str+4}
  9617 | D:7      | Reached skill level 10 in Spellcasting
 10188 | D:8      | Reached XP level 10. HP: 61/80 MP: 19/24
 10246 | D:9      | Noticed a two-headed ogre
 11049 | D:8      | Reached ** piety under Kikubaaqudgha
 11190 | D:9      | Killed a two-headed ogre
 11191 | D:9      | Reached skill level 11 in Spellcasting
 11254 | D:9      | Reached skill level 10 in Necromancy
 11314 | D:9      | Noticed a two-headed ogre
 11323 | D:9      | Killed a two-headed ogre
 11324 | D:9      | Reached skill level 1 in Maces & Flails
 11647 | D:10     | Entered Level 10 of the Dungeon
 11647 | D:10     | Noticed a two-headed ogre
 11962 | D:9      | Reached XP level 11. HP: 74/89 MP: 9/26
 12121 | D:10     | HP: 1/89 [freezing wraith (10)]
 12121 | D:10     | Mangled by a freezing wraith

Illustrated notes

Levels and vault maps discovered:
D:1:      scummos_arrival_forest, layout_basic,
          shapermc_ecumenical_altar_mp_vishouse
D:2:      layout_basic, uniq_crazy_yiuf_cottage
D:3:      layout_loops_ring, mainiacjoe_overflow_chevrons,
          kennysheep_generic_room_10, uniq_terence, uniq_ijyb, uniq_jessica,
          uniq_natasha
D:4:      layout_basic, fedhas_altar_1, uniq_grinder
D:5:      layout_gridville, gup_sewer_entry_bubbles, uniq_sigmund
D:6:      kennysheep_spiral_hall, layout_cave_pools,
          minmay_temple_entry_statues_pillars, uniq_eustachio
D:7:      layout_basic, tgw_sif, uniq_joseph, uniq_menkaure
D:8:      layout_loops_ring
D:9:      layout_rooms, serial_shops, kennysheep_mini
D:10:     minmay_cornered_nines, layout_rooms, dpeg_lair_monsters,
          dk_rats_in_the_wall
Temple:   hellmonk_temple_divided_pantheon

Skill      XL: |  1  2  3  4  5  6  7  8  9 10 11 |
---------------+----------------------------------+-----
Spellcasting   | 3 4 5 6 8 10 11 | 11.6
Fighting       | 1 2 3 4 5 6 8 9 |  9.5
Necromancy     | 5 6 7 9 10 | 10.3
Hexes          | 2 3 |  3.0
Maces & Flails | 1 2 |  2.0
Dodging        | |  1.7
Stealth        | |  1.7
Shields        | |  0.4

Action                   |  1- 3 |  4- 6 |  7- 9 | 10-12 || total
-------------------------+-------+-------+-------+-------++-------
Melee: Dagger            |    40 |    60 |   324 |    49 ||   473
       Staff             |     7 |       |       |       ||     7
 Cast: Necrotise         |    43 |    43 |   103 |    13 ||   202
       Vampiric Draining |       |     3 |     4 |    43 ||    50
       Animate Dead      |       |       |    12 |     2 ||    14
       Agony             |       |       |     3 |    13 ||    16
       Anguish           |       |       |       |     2 ||     2
Invok: Unearth Wretches  |       |       |       |     2 ||     2
Evoke: Wand              |       |     5 |     7 |    10 ||    22
  Use: Scroll            |       |     7 |     7 |     6 ||    20
 Stab: Sleeping          |     1 |       |       |       ||     1
       Distracted        |       |       |     2 |       ||     2
       Paralysed         |       |       |       |     3 ||     3
Armor: Leather armour    |    12 |    25 |    81 |    28 ||   146
Dodge: Dodged            |    33 |    49 |   204 |    62 ||   348
Block: Buckler           |     6 |       |       |       ||     6
